 Dungeon Crawl Stone Soup version 0.29.0-11-gd7f09526c8 (webtiles) character file.

Game seed: 9718104577506323775

532 night the Cudgeller (level 7, 0/105 HPs)
             Began as a Troll Berserker on Sept 4, 2022.
             Was a Priest of Trog.
             Slain by Duvessa
             ... wielding a +0 short sword of speed
              (4 damage)
             ... on level 4 of the Dungeon.
             The game lasted 00:05:06 (3065 turns).

night the Cudgeller (Troll Berserker)               Turns: 3065, Time: 00:05:06

Health: 0/105      AC:  6    Str: 26    XL:     7   Next: 3%
Magic:  6/6        EV: 10    Int:  5    God:    Trog [***...]
Gold:   207        SH:  5    Dex:  9    Spells: 6/6 levels left

rFire   . . .      SeeInvis .   y - +3 flail
rCold   . . .      Faith    .   (no shield)
rNeg    . . .      Spirit   .   c - +1 robe {Will+}
rPois   .          Reflect  +   (helmet restricted)
rElec   .          Harm     .   m - +0 cloak
rCorr   .          Rampage  .   (gloves unavailable)
Will    +....                   (boots unavailable)
Stlth   ..........              q - amulet of reflection
HPRegen 1.07/turn               (no ring)
MPRegen 0.10/turn               (no ring)

@: berserking (expiring), very quick
A: large, unfitting armour, claws 3, regeneration 1, shaggy fur 1, tough skin 1
a: Renounce Religion, Berserk, Trog's Hand


You were on level 4 of the Dungeon.
You worshipped Trog.
Trog was most pleased with you.
You visited 1 branch of the dungeon, and saw 4 of its levels.

You collected 207 gold pieces.

Inventory:

Hand Weapons
 a - a +0 mace
 y - a +3 flail (weapon)
 A - a +0 sling
Missiles
 d - 28 stones (quivered)
 w - a throwing net
Armour
 b - a +0 animal skin
 c - a +1 robe of willpower (worn)
 m - a +0 cloak (worn)
Jewellery
 q - an amulet of reflection (around neck)
Wands
 v - a wand of flame (13)
 x - a wand of light (11)
Scrolls
 e - a scroll of fear {unknown}
 g - 3 scrolls of identify
 h - a scroll of vulnerability {unknown}
 l - 2 scrolls of immolation {unknown}
 o - a scroll of teleportation {unknown}
 p - a scroll of amnesia
 r - a scroll of acquirement {unknown}
 t - a scroll of enchant armour {unknown}
 u - 2 scrolls of fog {unknown}
Potions
 f - 6 potions of curing {unknown}
 i - 3 potions of heal wounds {unknown}
 j - a potion of attraction {unknown}
 k - 2 potions of berserk rage {unknown}
 n - a potion of haste {unknown}
 s - a potion of mutation {unknown}
 z - a potion of might {unknown}


   Skills:
 + Level 4.2 Fighting
 * Level 6.2 Maces & Flails
 - Level 2.4 Dodging


You had 6 spell levels left.
You didn't know any spells.
Your spell library was empty.

Dungeon Overview and Level Annotations

Branches:
Dungeon (4/15)
 Temple: D:4-7

Altars:
Ashenzari
Qazlal
Vehumet

Annotations:
D:4 Duvessa


Innate Abilities, Weirdness & Mutations

You are too large for most types of armour.
You have claws for hands.
Your natural rate of healing is unusually fast.
You are covered in fur. (AC +1)
You have tough skin. (AC +1)


Message History

You block Duvessa's attack. Dowan gestures at you while chanting.
The puff of flame hits you!
You sock Dowan!
You kill Dowan!
Trog accepts your kill.
Trog appreciates your killing of a magic user.
Duvessa screams, "No!
How DARE you!"
Duvessa goes berserk!
Duvessa barely misses you. You block Duvessa's attack.
Duvessa hits you with a +0 short sword of speed.
You have reached level 7!
You hit Duvessa but do no damage.
Duvessa hits you with a +0 short sword of speed!
Duvessa completely misses you.
A red film seems to cover your vision as you go berserk!
You feel yourself moving faster!
You feel mighty!
Duvessa hits you with a +0 short sword of speed! x2
Duvessa hits you but does no damage.
You closely miss Duvessa. Duvessa closely misses you.
You closely miss Duvessa.
Duvessa hits you with a +0 short sword of speed!
* * * LOW HITPOINT WARNING * * *
Duvessa hits you with a +0 short sword of speed.
* * * LOW HITPOINT WARNING * * *
You barely miss Duvessa. Duvessa barely misses you. You block Duvessa's attack.
You sock Duvessa!
Duvessa is lightly wounded.
Duvessa misses you.
Duvessa hits you with a +0 short sword of speed!
* * * LOW HITPOINT WARNING * * *
You sock Duvessa! You claw Duvessa!
Duvessa is heavily wounded.
Duvessa hits you with a +0 short sword of speed!
* * * LOW HITPOINT WARNING * * *
Duvessa closely misses you.
You are too berserk!
You barely miss Duvessa.
Duvessa is heavily wounded.
Duvessa hits you with a +0 short sword of speed.
You die...

#.....## #.###..#
.......## ##......#
.)......####...##.##
........+.......#.#
........####...##.###
.......## ##.......#
#.....## ##.##.#.#
##...## #.#..# #
##'## #.#@## #.#
#..e)..# ###.#
###.#### .##.## #.#
.#...## #.# ......#
#.# .#...## ..#
.##.#####.# ###
..........#


You could see Duvessa (berserk).

Vanquished Creatures
  A black bear (D:4)
  Dowan (D:4)
  A jelly (D:4)
  2 orc priests (D:3)
  Natasha (twice) (D:3)
  Terence (D:2)
  An orc wizard (D:3)
  4 gnolls (D:2)
  4 adders
  2 worms (D:2)
  2 dart slugs
  13 orcs
  5 ball pythons
  4 bats
  8 endoplasms
  6 giant cockroaches
  8 goblins
  4 hobgoblins
  4 jackals (D:1)
  4 quokkas
  2 frilled lizards
  12 kobolds
  3 rats
94 creatures vanquished.

Vanquished Creatures (others)
  Natasha (D:3)
1 creature vanquished.

Grand Total: 95 creatures vanquished

Notes
Turn   | Place    | Note
-------+----------+-------------------------------------------
     0 | D:1      | night the Troll Berserker began the quest for the Orb.
     0 | D:1      | Reached XP level 1. HP: 22/22 MP: 0/0
   162 | D:1      | Reached skill level 3 in Maces & Flails
   188 | D:1      | Reached XP level 2. HP: 29/29 MP: 1/1
   444 | D:1      | Found a faded altar of an unknown god.
   718 | D:2      | Reached XP level 3. HP: 36/36 MP: 2/2
   794 | D:2      | Noticed Terence
   808 | D:2      | Killed Terence
   809 | D:2      | Reached skill level 4 in Maces & Flails
   809 | D:2      | Reached XP level 4. HP: 18/45 MP: 3/3
   906 | D:2      | Reached ** piety under Trog
  1182 | D:2      | Found a broken altar of Ashenzari.
  1487 | D:3      | Found a stormy altar of Qazlal.
  1502 | D:3      | Identified the +1 leather armour of Vlad {Harm rElec rF-
                  | Dex-3}
  1540 | D:3      | Noticed Natasha
  1549 | D:3      | Killed Natasha
  1550 | D:3      | Reached XP level 5. HP: 19/53 MP: 4/4
  1831 | D:3      | Noticed Natasha
  1840 | D:3      | Found a radiant altar of Vehumet.
  1844 | D:3      | Killed Natasha
  1845 | D:3      | Reached skill level 5 in Maces & Flails
  1874 | D:3      | Killed Natasha
  2076 | D:3      | Reached *** piety under Trog
  2261 | D:3      | Reached XP level 6. HP: 49/62 MP: 5/5
  2573 | D:4      | Reached skill level 6 in Maces & Flails
  3047 | D:4      | Noticed Dowan
  3049 | D:4      | Noticed Duvessa
  3057 | D:4      | Killed Dowan
  3058 | D:4      | Reached XP level 7. HP: 48/70 MP: 6/6
  3063 | D:4      | HP: 14/105 [Duvessa/+0 short sword of speed (10)]
  3064 | D:4      | HP: 3/105 [Duvessa/+0 short sword of speed (12)]
  3065 | D:4      | Slain by Duvessa

Illustrated notes

Levels and vault maps discovered:
D:1:      saegor_arrival_simple_b, layout_loops_ring,
          hellmonk_ecumenical_altar_inner_sanctum, palyth_stone_intersect
D:2:      layout_loops_cross, basic_altar, dk_noncrumbling_3, st_stairs_8,
          uniq_terence
D:3:      layout_loops_ring, nicolae_qazlal_scattered_showers,
          vehumet_altar_wand_db, grunt_ministairs_8, grunt_decor_resistance,
          minmay_strange_pillars, uniq_natasha
D:4:      layout_loops_corners, minivault_11, minivault_14, uniq_duvessa

Skill      XL: |  1  2  3  4  5  6 |
---------------+-------------------+-----
Maces & Flails | 3 4 5 6 |  6.2
Fighting       | 3 4 |  4.2
Dodging        | |  2.4

Action                   |  1- 3 |  4- 6 |  7- 9 || total
-------------------------+-------+-------+-------++-------
Melee: Mace              |    85 |   194 |       ||   279
       Punch             |     1 |     1 |     1 ||     3
       Flail             |       |    52 |     7 ||    59
Invok: Berserk           |       |       |     1 ||     1
  Use: Scroll            |       |     1 |       ||     1
 Stab: Sleeping          |     2 |     1 |       ||     3
Armor: Robe              |    35 |    94 |     1 ||   130
       Animal skin       |     1 |       |       ||     1
Dodge: Dodged            |    49 |   121 |     5 ||   175
Block: Other             |       |    46 |     1 ||    47
       Reflection        |       |     2 |       ||     2
